 Dungeon Crawl Stone Soup version 0.31-a0-358-gac0dbeb3ab (webtiles) character file.

Game seed: 10217561757720152421

590 AdnanSaban the Cudgeller (level 7, 0/44 HPs)
             Began as a Gargoyle Fighter on July 25, 2023.
             Slain by a gnoll bouda
             ... wielding the +5 woodcutter's axe
              (8 damage)
             ... on level 3 of the Dungeon.
             The game lasted 00:02:51 (3234 turns).

AdnanSaban the Cudgeller (Gargoyle Fighter)         Turns: 3234, Time: 00:02:52

Health: 0/44       AC: 12    Str: 22    XL:     7   Next: 38%
Magic:  7/7        EV: 14    Int:  8    God:
Gold:   268        SH:  4    Dex:  9    Spells: 6/6 levels left

rFire   . . .        i - +3 flail
rCold   . . .        c - +0 buckler
rNeg    + . .        b - +0 scale mail
rPois   ∞            (no helmet)
rElec   +            (no cloak)
rCorr   .            (no gloves)
SInv    .            (no boots)
Will    .....        (no amulet) Stlth
                     p - +5 ring of evasion
HPRegen 0.27/turn    (no ring)
MPRegen 0.10/turn

%: no passive effects
@: weakened
A: sickness immunity, AC +4, negative energy resistance 1, electricity
resistance, torment resistance 1, petrification resistance
a: no special abilities


You were on level 3 of the Dungeon.
You visited 1 branch of the dungeon, and saw 4 of its levels.

You collected 268 gold pieces.

Inventory:

Hand Weapons
 i - a +3 flail (weapon)
Missiles
 o - a throwing net
 q - 5 poisoned darts (quivered)
Armour
 b - a +0 scale mail (worn)
 c - a +0 buckler (worn)
Jewellery
 p - a +5 ring of evasion (left hand)
Wands
 n - a wand of mindburst (12)
Scrolls
 a - a scroll of identify {unknown}
 e - 3 scrolls of teleportation {unknown}
 f - 2 scrolls of vulnerability {unknown}
 h - a scroll of enchant weapon {unknown}
 k - 2 scrolls of poison {unknown}
 s - 3 scrolls of fear {unknown}
Potions
 d - 2 potions of might
 g - 3 potions of berserk rage {unknown}
 j - 4 potions of mutation {unknown}
 l - a potion of heal wounds {unknown}
 m - a potion of lignification {unknown}
 r - 2 potions of experience {unknown}


   Skills:
 + Level 4.7 Fighting
 + Level 5.3 Maces & Flails
 + Level 5.0 Armour
 + Level 1.3 Dodging
 + Level 4.4 Shields


You had 6 spell levels left.
You didn't know any spells.
Your spell library contained the following spells:

 Spells                   Type           Power      Damage    Failure   Level
 Ozocubu's Armour         Ice            0%         N/A       98%         3
 Animate Armour           Summ/Erth      0%         N/A       100%        4
 Summon Lightning Spire   Summ/Air       0%         N/A       100%        4
 Lee's Rapid Deconstruct  Erth           0%         3d4*      100%        5
 Metabolic Englaciation   Hex/Ice        0%         N/A       100%        5
 Simulacrum               Ice/Necr       0%         N/A       100%        6


Dungeon Overview and Level Annotations

Branches:
Dungeon (4/15)
 Temple: D:4-7

Altars:
Ru

Shops:
D:3 (

Annotations:
D:4 1 runed translucent door, Necrophagist's ghost, novice DsFi


Innate Abilities, Weirdness & Mutations

You are immune to sickness and miasma.
Your stone body is resilient. (AC +4)
You are immune to poison.
You resist negative energy. (rN+)
You are resistant to electric shocks. (rElec)
You are resistant to unholy torment.
You are immune to petrification.


Message History

The gnoll bouda barks out a call to the hunt!
The gnoll picks up the pace!
The gnoll closely misses you.
You climb upwards.
There is a stone staircase leading down here.
The gnoll sergeant blocks your attack.
The gnoll sergeant hits you but does no damage.
The gnoll bouda completely misses you.
You hit the gnoll sergeant.
The gnoll sergeant is lightly wounded.
You block the gnoll sergeant's attack. The gnoll bouda barely misses you.
You block the gnoll sergeant's attack. The gnoll sergeant blocks your attack.
The gnoll sergeant is lightly wounded.
The gnoll bouda barely misses you.
The gnoll sergeant hits you with a +2 spear of venom.
The gnoll bouda hits you with the +5 woodcutter's axe!
You closely miss the gnoll sergeant.
The gnoll sergeant is lightly wounded.
The gnoll sergeant hits you with a +2 spear of venom.
The gnoll bouda closely misses you.
You hit the gnoll sergeant but do no damage.
The gnoll sergeant is lightly wounded.
The gnoll sergeant closely misses you.
The gnoll bouda gazes fiercely through you!
You feel your attacks grow feeble. The gnoll bouda closely misses you.
You closely miss the gnoll sergeant.
The gnoll sergeant is lightly wounded.
You block the gnoll sergeant's attack. The gnoll bouda closely misses you.
You hit the gnoll sergeant.
The gnoll sergeant is moderately wounded.
The gnoll sergeant closely misses you.
The gnoll bouda hits you with the +5 woodcutter's axe!
* * * LOW HITPOINT WARNING * * *
The gnoll sergeant blocks your attack.
The gnoll sergeant is moderately wounded.
The gnoll sergeant hits you but does no damage.
The gnoll bouda hits you with the +5 woodcutter's axe!
You die...

###....#.#...########.......#....
#...<#.................##.#.###
#....########.)..#####.##......
###....## ####.#.# ###+####'###
.)......# #....#.# #...........
........# #.##...# #...........
.......># #.##g### #...........
........## #.##g# #...........
.........####.##@# ###+####'###
......)........#g# #......###
..........######.# ###.......
........<.##...#.# #.......
..........#......# #.......
..........#.#....# #......#
...###+#....#..#.###### #..#####
...# #................####..#####
...# #.........................#.


You could see a gnoll sergeant (swift), a gnoll bouda and a gnoll (swift).

Vanquished Creatures
  A centaur (D:3)
  An ogre (D:4)
  Jessica (D:3)
  Natasha (twice) (D:2)
  Terence (D:2)
  3 iguanas (D:4)
  5 adders
  14 gnolls
  3 worms
  2 dart slugs
  3 endoplasms
  3 giant cockroaches
  11 goblins
  A hobgoblin (D:2)
  6 jackals (D:1)
  A quokka (D:4)
  4 ball pythons
  5 frilled lizards
  2 kobolds
  2 rats (D:3)
71 creatures vanquished.

Notes
Turn   | Place    | Note
-------+----------+-------------------------------------------
     0 | D:1      | AdnanSaban the Gargoyle Fighter began the quest for the
                  | Orb.
     0 | D:1      | Reached XP level 1. HP: 14/14 MP: 1/1
   235 | D:1      | Reached XP level 2. HP: 19/19 MP: 2/2
   484 | D:1      | Reached XP level 3. HP: 24/24 MP: 3/3
   651 | D:2      | Noticed Natasha
   656 | D:2      | Killed Natasha
   725 | D:2      | Reached XP level 4. HP: 29/29 MP: 4/4
   940 | D:2      | Noticed Terence
   947 | D:2      | Killed Terence
  1099 | D:2      | Noticed Natasha
  1109 | D:2      | Killed Natasha
  1110 | D:2      | Reached XP level 5. HP: 26/33 MP: 5/5
  1651 | D:3      | Noticed Jessica
  1654 | D:3      | Killed Jessica
  1725 | D:3      | Noticed a centaur
  1742 | D:3      | Killed a centaur
  1743 | D:3      | Reached XP level 6. HP: 27/39 MP: 6/6
  1819 | D:3      | Found a sacrificial altar of Ru.
  2159 | D:3      | Found Waesuave's Antique Weapon Shoppe.
  2176 | D:3      | Reached skill level 1 in Dodging
  2765 | D:4      | Found a runed translucent door.
  2765 | D:4      | Noticed Necrophagist's ghost (novice DsFi)
  2803 | D:4      | Reached XP level 7. HP: 32/44 MP: 7/7
  2904 | D:4      | Reached skill level 5 in Maces & Flails
  3042 | D:4      | Reached skill level 5 in Armour
  3234 | D:3      | Slain by a gnoll bouda

Illustrated notes

Levels and vault maps discovered:
D:1:      tarquinn_simple_flora_water_e, layout_loops_cross,
          minmay_misc_feat_ornament
D:2:      layout_loops_ring, grunt_decor_junction,
          chequers_serial_rivers_micro_a, minmay_goblin_outpost, uniq_natasha,
          uniq_terence
D:3:      layout_basic, nicolae_ru_the_path_less_chosen, serial_shops,
          nicolae_shop_crystal, uniq_jessica
D:4:      layout_basic, gammafunk_ghost_grave, pf_guarded_unrand_woodcutter

Skill      XL: |  1  2  3  4  5  6  7 |
---------------+----------------------+-----
Fighting       | 4 |  4.7
Maces & Flails | 3 4 5 |  5.3
Armour         | 4 5 |  5.0
Shields        | 4 |  4.4
Dodging        | 1 |  1.3

Action                     |  1- 3 |  4- 6 |  7- 9 || total
---------------------------+-------+-------+-------++-------
  Melee: Flail             |    46 |   136 |    55 ||   237
 Armour: Scale mail        |    21 |    76 |    18 ||   115
  Dodge: Dodged            |    20 |    88 |    41 ||   149
  Block: Buckler           |    14 |    35 |    19 ||    68

Table legend: (Time is in decaauts)
 A = Elapsed time spent in this place.
 B = Non-inter-level travel time spent in this place.
 C = Inter-level travel time spent in this place.
 D = Time resting spent in this place.
 E = Time spent auto-exploring this place.
 F = Levels seen in this place.
 G = Mean time per level.
                   A        B        C        D        E       F      G
               +--------+--------+--------+--------+--------+-----+--------+
         Total |   3292 |   3137 |    155 |     74 |   2483 |   4 |  823.0 |
       Dungeon |   3292 |   3137 |    155 |     74 |   2483 |   4 |  823.0 |
               +--------+--------+--------+--------+--------+-----+--------+

Top non-repeatable levels by time:
     D:3: 1054 daAuts
     D:2: 827 daAuts
     D:4: 748 daAuts
     D:1: 662 daAuts
